 Dungeon Crawl Stone Soup version 0.21.1-1-g345015f (webtiles) character file.

170 wilfster70 the Cutter (level 5, 0/34 HPs)
             Began as a Halfling Warper on June 11, 2018.
             Slain by Pikel
             ... wielding a +1 whip of freezing
              (1 damage)
             ... on level 4 of the Dungeon.
             The game lasted 00:14:18 (4402 turns).

wilfster70 the Cutter (Halfling Warper)             Turns: 4402, Time: 00:14:19

Health: 0/34       AC:  3    Str: 15    XL:     5   Next: 80%
Magic:  7/7        EV: 16    Int: 11    God:
Gold:   234        SH:  0    Dex: 14    Spells: 3/7 levels left

rFire    . . .     SeeInvis .   a - +0 short sword
rCold    . . .     Gourm    .   (shield restricted)
rNeg     . . .     Faith    .   b - +0 leather armour
rPois    .         Spirit   .   (no helmet)
rElec    .         Reflect  .   (no cloak)
rCorr    .         Harm     .   (no gloves)
MR       .....                  (no boots)
Stlth    +.........             (no amulet)
HPRegen  0.11/turn              o - +2 ring of strength
MPRegen  0.10/turn              (no ring)

@: hasted, very quick
A: small, mutation resistance 1
a: no special abilities


You were on level 4 of the Dungeon.
You were not hungry.

You visited 1 branch of the dungeon, and saw 4 of its levels.

You collected 234 gold pieces.

Inventory:

Hand Weapons
 a - a +0 short sword (weapon)
Missiles
 e - 5 tomahawks of dispersal (quivered)
 g - 90 stones
Armour
 b - a +0 leather armour (worn)
 i - a +1 pair of gloves
 p - a +0 chain mail
Jewellery
 l - an uncursed ring of see invisible {unknown}
 o - a +2 ring of strength (left hand)
Wands
 u - a wand of clouds (3)
 y - a wand of flame (25)
Scrolls
 d - 2 scrolls of blinking
 s - a scroll of noise {unknown}
Potions
 k - a potion of degeneration {unknown}
 m - 2 potions of resistance
 q - 2 potions of heal wounds {unknown}
 t - a potion of curing
 w - a potion of flight {unknown}
 x - a potion of might {unknown}
 z - a potion of ambrosia {unknown}
Books
 c - a book of Spatial Translocations

   Spells                             Type                      Level
   a - Blink                          Translocation                2
   b - Shroud of Golubria             Charms/Translocation         2
   c - Lesser Beckoning               Translocation                3
   d - Gell's Gravitas                Translocation                3
   e - Teleport Other                 Translocation                3
   f - Passage of Golubria            Translocation                4
Comestibles
 f - 9 rations
 v - a chunk of flesh


   Skills:
 - Level 1.7 Fighting
 + Level 4.3 Short Blades
 - Level 1.0 Throwing
 + Level 3.2 Armour
 + Level 3.9 Dodging
 - Level 1.5 Spellcasting
 - Level 3.2 Translocations


You had 3 spell levels left.
You knew the following spells:

 Your Spells              Type           Power        Failure   Level  Hunger
a - Blink                 Tloc           N/A          14%         2    ###....
b - Shroud of Golubria    Chrm/Tloc      #.........   28%         2    ###....


Dungeon Overview and Level Annotations

Branches:
Dungeon (4/15)
 Temple: D:4-7

Altars:
Uskayaw

Annotations:
D:4 Pikel


Innate Abilities, Weirdness & Mutations

You are small and have problems with some larger weapons.
You are somewhat resistant to further mutation.


Message History

* * * LOW HITPOINT WARNING * * *
Pikel freezes you.
* * * LOW HITPOINT WARNING * * *
You hit Pikel but do no damage.
Pikel is moderately wounded.
Pikel hits you but does no damage.
You hit Pikel.
Pikel is moderately wounded.
You hit Pikel.
Pikel is moderately wounded.
Pikel barely misses you.
You hit Pikel but do no damage.
Pikel is moderately wounded.
You miss Pikel.
Pikel is moderately wounded.
Pikel cracks his whip.
Pikel hits you with a whip of freezing.
* * * LOW HITPOINT WARNING * * *
Pikel freezes you.
You die...

*,,,,#...,,,*,#.#.#
*****#p.,**,*,#.#.#
#.#,,***,#.#.#
#p#,>,,,,#.#.#
#.#*######.#.## #K#
#.........## #.#
#.####.#....
#####p#
#.#.....#.##
#..@Kp# #.##......#
#.##### #.#########
#.# #.# #.#######.#
#.........#
###########


You could see Pikel and 2 slaves.

Vanquished Creatures
  8 adders
  An ooze (D:2)
  2 worms (D:3)
  4 dart slugs
  3 leopard geckos
  10 bats
  A giant cockroach (D:1)
  3 goblins
  8 hobgoblins
  13 jackals
  A ball python (D:1)
  4 frilled lizards
  9 kobolds
  13 rats
80 creatures vanquished.

Vanquished Creatures (others)
  An adder (D:4)
1 creature vanquished.

Grand Total: 81 creatures vanquished

Notes
Turn   | Place    | Note
-------+----------+-------------------------------------------
     0 | D:1      | wilfster70 the Halfling Warper began the quest for the Orb.
     0 | D:1      | Reached XP level 1. HP: 14/14 MP: 3/3
   679 | D:1      | Reached XP level 2. HP: 15/19 MP: 4/4
   900 | D:1      | Reached skill level 3 in Short Blades
  1103 | D:1      | Reached XP level 3. HP: 21/24 MP: 5/5
  1107 | D:1      | Learned a level 2 spell: Blink
  1110 | D:1      | Learned a level 2 spell: Shroud of Golubria
  1889 | D:2      | Reached XP level 4. HP: 20/29 MP: 6/6
  2409 | D:2      | Reached XP level 5. HP: 8/34 MP: 7/7
  2693 | D:2      | Reached skill level 4 in Short Blades
  3654 | D:3      | Found a hide-covered altar of Uskayaw.
  3737 | D:3      | Noticed Grinder
  3740 | D:3      | Paralysed by Grinder for 2 turns
  4368 | D:4      | Noticed a slave
  4377 | D:4      | Noticed Pikel
  4380 | D:4      | Noticed a slave
  4382 | D:4      | Noticed a slave
  4402 | D:4      | HP: 1/34 [Pikel/whip of freezing (2)]
  4402 | D:4      | Slain by Pikel

Skill      XL: |  1  2  3  4  5 |
---------------+----------------+-----
Short Blades   | 3 4 |  4.3
Armour         | 2 3 |  3.2
Dodging        | 3 |  3.9
Fighting       | |  1.7
Throwing       | |  1.0
Spellcasting   | |  1.5
Translocations | |  3.2

Action                   |  1- 3 |  4- 6 || total
-------------------------+-------+-------++-------
Melee: Short sword       |   147 |   245 ||   392
  Use: Scroll            |       |     5 ||     5
       Potion            |       |     3 ||     3
 Stab: Sleeping          |     1 |     1 ||     2
  Eat: Chunk             |     3 |     8 ||    11
Armor: Leather armour    |    40 |    41 ||    81
Dodge: Dodged            |   151 |   217 ||   368
